 Dungeon Crawl Stone Soup version 0.29.1-2-gbd0b4ee654 (webtiles) character file.

Game seed: 6094700032070637160

51 Sabo the Ducker (level 4, 0/34 HPs)
             Began as a Djinni Gladiator on Oct 31, 2022.
             Frozen to death by an endoplasm (3 damage)
             ... on level 2 of the Dungeon.
             The game lasted 00:07:52 (1609 turns).

Sabo the Ducker (Djinni Gladiator)                  Turns: 1609, Time: 00:07:53

Health: 0/34       AC:  4    Str: 15    XL:     4   Next: 7%
Gold:   72         EV: 13    Int:  9    God:
                   SH:  0    Dex: 15

rFire   + + .      SeeInvis .   a - +0 war axe
rCold   x . .      Faith    .   (no shield)
rNeg    + . .      Spirit   .   b - +0 leather armour
rPois   ∞          Reflect  .   c - +0 helmet
rElec   .          Harm     .   (no cloak)
rCorr   .          Rampage  .   (no gloves)
Will    .....                   (boots unavailable)
Stlth   +.........              (no amulet)
HPRegen 0.11/turn               k - ring of positive energy
MPRegen 0.00/turn               r - ring of wizardry

@: flying
A: sickness immunity, fire resistance 2, cold vulnerability 1, float, innate
caster, HP casting, extra vitality 1
a: no special abilities


You were on level 2 of the Dungeon.
You visited 1 branch of the dungeon, and saw 2 of its levels.

You collected 72 gold pieces.

Inventory:

Hand Weapons
 a - a +0 war axe (weapon)
Missiles
 d - 3 throwing nets (quivered)
 e - a javelin
 o - 2 poisoned darts
Armour
 b - a +0 leather armour (worn)
 c - a +0 helmet (worn)
Jewellery
 k - a ring of positive energy (left hand)
 p - a ring of protection from fire
 r - a ring of wizardry (right hand)
Scrolls
 g - 2 scrolls of poison
 h - a scroll of fog {unknown}
 i - a scroll of identify {unknown}
 j - a scroll of immolation {unknown}
 l - a scroll of noise {unknown}
 m - a scroll of vulnerability {unknown}
 n - a scroll of enchant weapon {unknown}
 s - a scroll of teleportation {unknown}
Potions
 f - a potion of attraction {unknown}
 q - a potion of berserk rage {unknown}


   Skills:
 + Level 2.4 Fighting
 + Level 3.1 Axes
 + Level 1.6 Throwing
 + Level 0.9 Armour
 + Level 3.6 Dodging


You had 2 spell levels left.
You knew the following spells:

 Your Spells              Type           Power      Damage    Failure   Level
a - Magic Dart            Conj           0%         1d3       21%         1
Your spell library was empty.

Dungeon Overview and Level Annotations

Branches:
Dungeon (2/15)

Altars:


Innate Abilities, Weirdness & Mutations

You are immune to sickness and miasma.
You are immune to poison.
Your flesh is very heat resistant. (rF++)
You are vulnerable to cold. (rC-)
You float through the air rather than walking.
You learn spells naturally, not from books.
Your magical power is your life essence.
You have superior vitality. (+4 MHP)


Message History

You closely miss the quokka. The quokka barely misses you.
You barely miss the quokka. The quokka barely misses you. The quokka bites you.
You slash the quokka!
You kill the quokka!
The goblin unwields a +0 dagger.
The goblin wields a +0 sling.
The goblin shoots a sling bullet.
The sling bullet hits you.
You barely miss the rat. The rat misses you.
You barely miss the rat. The rat bites you but does no damage.
The rat closely misses you.
You barely miss the rat. The rat bites you.
* * * LOW HITPOINT WARNING * * *
You barely miss the rat. The rat bites you but does no damage.
You hit the rat.
You kill the rat!
You hit the ball python.
You kill the ball python!
The goblin shoots a sling bullet.
The sling bullet hits you.
* * * LOW HITPOINT WARNING * * *
The goblin unwields a +0 sling.
The goblin wields a +0 dagger.
The goblin barely misses you.
You see here a ball python corpse.
You barely miss the goblin.
The goblin is moderately wounded.
The goblin closely misses you. The goblin hits you but does no damage.
You barely miss the goblin.
The goblin is moderately wounded.
The goblin misses you.
You barely miss the goblin.
The goblin is moderately wounded.
The goblin closely misses you.
You closely miss the goblin.
The goblin is moderately wounded.
The goblin closely misses you. The goblin hits you with a +0 dagger.
* * * LOW HITPOINT WARNING * * *
You hit the goblin.
The goblin is severely wounded.
You hit the endoplasm. The endoplasm freezes you.
You are frozen.
You feel a terrible chill!
You die...

......# #.# .....##
#.# .## #########.###
.#! #.....># .# .
#.##.#.# .. .. ######
#.#.## .###.#. (....#
#..†.# ....... .....#
###..####.......
.....#.####...).@g..#
.....#.......####J..#
.....#####.....# ####
.....#####.###.#
#..†....#..# .##
#.##.##.#..###..#
..##.##.#.......#
#.##...).....##.#
#.##.##.#....)..#


You could see an endoplasm and a goblin.

Vanquished Creatures
  An adder (D:2)
  A dart slug (D:1)
  4 ball pythons
  3 endoplasms
  3 giant cockroaches
  4 goblins
  4 hobgoblins
  2 quokkas
  3 bats (D:1)
  6 kobolds (D:1)
  6 rats
37 creatures vanquished.

Notes
Turn   | Place    | Note
-------+----------+-------------------------------------------
     0 | D:1      | Sabo the Djinni Gladiator began the quest for the Orb.
     0 | D:1      | Reached XP level 1. HP: 18/18 MP: 0/0
   121 | D:1      | Reached XP level 2. HP: 23/23 MP: 0/0
   544 | D:1      | Reached XP level 3. HP: 28/28 MP: 0/0
   544 | D:1      | Learned a level 1 spell: Magic Dart
  1590 | D:2      | Reached XP level 4. HP: 26/34 MP: 0/0
  1609 | D:2      | Frozen to death by an endoplasm

Illustrated notes

Levels and vault maps discovered:
D:1:      giann_bridges, layout_basic, minmay_tetromino_i4
D:2:      layout_loops_cross, minmay_misc_feat_rows, supply_closet_lemuel,
          columned_hall_lemuel, minmay_surrounded

Skill      XL: |  1  2  3 |
---------------+----------+-----
Axes           | 3 |  3.1
Fighting       | |  2.4
Throwing       | |  1.6
Armour         | |  0.9
Dodging        | |  3.6

Action                   |  1- 3 |  4- 6 || total
-------------------------+-------+-------++-------
Melee: War axe           |    73 |    17 ||    90
  Use: Scroll            |     1 |       ||     1
Armor: Leather armour    |    25 |     7 ||    32
Dodge: Dodged            |    55 |    17 ||    72
